 Dungeon Crawl Stone Soup version 0.29-a0-284-gf9362112df (webtiles) character file.

Game seed: 662263938030398479

9 holysushi the Sneak (level 2, 0/24 HPs)
             Began as a Merfolk Delver on Mar 27, 2022.
             Splashed by a jelly's acid (6 damage)
             ... on level 5 of the Dungeon.
             The game lasted 00:01:26 (297 turns).

holysushi the Sneak (Merfolk Delver)                 Turns: 297, Time: 00:01:26

Health: 0/24       AC: -5    Str: 12    XL:     2   Next: 12%
Magic:  2/2        EV: 12    Int:  9    God:
Gold:   0          SH:  0    Dex: 15    Spells: 1/1 levels left

rFire   . . .      SeeInvis .   a - +0 falchion
rCold   . . .      Faith    .   (no shield)
rNeg    . . .      Spirit   .   b - +0 leather armour
rPois   .          Reflect  .   (no helmet)
rElec   .          Harm     .   (no cloak)
rCorr   .          Rampage  .   (no gloves)
Will    .....                   (no boots)
Stlth   +++.......              (no amulet)
HPRegen 0.08/turn               (no ring)
MPRegen 0.08/turn               (no ring)

@: corroded
A: (nimble swimmer 2), mertail
a: no special abilities


You were on level 5 of the Dungeon.
You visited 1 branch of the dungeon, and saw 1 of its levels.

Inventory:

Hand Weapons
 a - a +0 falchion (weapon)
Armour
 b - a +0 leather armour (worn)
Wands
 g - a wand of digging (3)
Scrolls
 c - a scroll of fog
 d - a scroll of magic mapping
Potions
 f - a potion of haste


   Skills:
 - Level 3.2 Fighting
 + Level 3.4 Long Blades
 - Level 2.6 Dodging
 - Level 5.4 Stealth


You had one spell level left.
You didn't know any spells.
Your spell library was empty.

Dungeon Overview and Level Annotations

Branches:
Dungeon (5/15)
 Temple: D:4-7

Altars:

Annotations:
D:5 1 runed translucent door, Blork the orc; ders's ghost, amateur DjFE


Innate Abilities, Weirdness & Mutations

((You are very nimble when in or above water. (Stealth+, EV+, Speed+++)))
Your lower body shifts to a powerful aquatic tail in water.


Message History

You feel sick.
You are no longer poisoned.
Your Long Blades skill increases to level 3!
You have reached level 2!
An ice beast comes into view.
Really walk into that teleport trap?
You enter a teleport trap!
The teleport trap disappears.
Your surroundings suddenly seem different.
You start resting.
An ice beast is nearby!
Found a green potion.
Found a runed translucent door.
Found a scroll labelled GYSIXE RUOJOI.
An iguana comes into view.
Okay, then.
Ders's ghost turns its malevolent gaze towards you.
Ders's ghost screams, "Zot is a myth, the ORB is a fable, you'll soon be a tale!"
Ders's ghost whispers, "It is all a dream - a grotesque and foolish dream."
A hound comes into view.
Found 14 gold pieces.
You see here 14 gold pieces.
The iguana bites you.
As you read the scroll of fear, it crumbles to dust.
You assume a fearsome visage.
The ice beast looks frightened!
The iguana looks frightened!
Unknown command.
Unknown command.
Unknown command.
Unknown command.
A jelly comes into view.
Found a glowing copper wand.
The jelly quivers.
The jelly hits you. The acid corrodes you!
You are splashed with acid!
The jelly attacks as you move away! The jelly barely misses you.
The jelly attacks as you move away! The jelly misses you.
Found a pink potion.
Okay, then.
The jelly attacks as you move away! The jelly hits you.
* * * LOW HITPOINT WARNING * * *
The acid corrodes you!
You are splashed with acid.
You die...

#.#. #.###....
.#.##........
............ ..#......!
# .......# #.
.....###########
#..#....+.........#
#.#...@...###.#####.###
........J#####.##.......
...............##.l..###
.###.#..../....##....#
#.....#.#.#.#####.#
###.#......... ...l.
#.#.#.####### #.# #
....#.. #.### .#.#.###
#.#..


You could see a jelly.

Vanquished Creatures
  An adder (D:5)
1 creature vanquished.

Notes
Turn   | Place    | Note
-------+----------+-------------------------------------------
     0 | D:5      | holysushi the Merfolk Delver began the quest for the Orb.
     0 | D:5      | Reached XP level 1. HP: 18/18 MP: 1/1
     8 | D:5      | Noticed Blork the orc
    39 | D:5      | Reached XP level 2. HP: 9/24 MP: 2/2
    46 | D:5      | Noticed an ice beast
   161 | D:5      | Found a runed translucent door.
   161 | D:5      | Noticed ders's ghost (amateur DjFE)
   297 | D:5      | Splashed by a jelly's acid

Illustrated notes

Levels and vault maps discovered:
D:5:      layout_basic, serial_shops, shop_fountains,
          hellmonk_ghost_happy_afterlife, kennysheep_big_empty_room,
          uniq_duvessa, uniq_blork_the_orc

Skill      XL: |  1 |
---------------+----+-----
Long Blades    | 3 |  3.4
Fighting       | |  3.2
Dodging        | |  2.6
Stealth        | |  5.4

Action                   || total
-------------------------++-------
Melee: Falchion          ||     9
  Use: Scroll            ||     1
Armor: Leather armour    ||     1
Dodge: Dodged            ||     8

Table legend: (Time is in decaauts)
 A = Elapsed time spent in this place.
 B = Non-inter-level travel time spent in this place.
 C = Inter-level travel time spent in this place.
 D = Time resting spent in this place.
 E = Time spent auto-exploring this place.
 F = Levels seen in this place.
 G = Mean time per level.
                   A        B        C        D        E       F      G
               +--------+--------+--------+--------+--------+-----+--------+
         Total |    298 |    298 |      0 |     71 |      0 |   1 |  298.0 |
       Dungeon |    298 |    298 |      0 |     71 |      0 |   1 |  298.0 |
               +--------+--------+--------+--------+--------+-----+--------+

Top non-repeatable levels by time:
     D:5: 298 daAuts
